AoeStats
← Malik Bhai

Hideout

509271643Analyzed
1v1 RM · 6d ago on Sep 26, 2026· 26m 58s· 2 players
Game mode
Random Map
Map size
Tiny (2 player)
Population
200
Speed
Normal
Resources
Standard
Victory
Conquest
Starting age
Dark Age
Ending age
Imperial Age
RankedLock teamsTeams togetherTeam positionsShared explorationLock speedFull tech treeHidden civsTurbo modeCheats
Victory
Defeat
🇵🇰 Dravidians · Pakistan
1585
+15
🇺🇸 Armenians · United States
1573
-15
Portugeezer3
9:32 Feudal Age
9:07 Loom
11:31 Double-Bit Axe
12:45 Gold Mining
13:03 Man-at-Arms
16:08 Long Swordsman
18:20 Scale Mail Armor
23:48 Horse Collar
25:04 Padded Archer Armor
Malik Bhai
6:12 Loom
8:31 Feudal Age
11:51 Double-Bit Axe
16:08 Fletching
23:33 Castle Age
22:32 Padded Archer Armor
22:13 Horse Collar
24:13 Bodkin Arrow
23:46 Crossbowman
27:43 Bow Saw
Connection lost

Rejoining the realm…

Still unreachable

The connection could not be restored.

Session expired

The server has moved on; the page needs a fresh start.